 Dungeon Crawl Stone Soup version 0.23.2-33-g5129a83184 (webtiles) character file.

Game seed: 8917060575738195807

24 Destapler the Skirmisher (level 3, -2/34 HPs)
             Began as a Hill Orc Abyssal Knight on Aug 1, 2019.
             Was a Follower of Lugonu.
             Slain by a gnoll (3 damage)
             ... on level 2 of the Dungeon.
             The game lasted 00:05:40 (1093 turns).

Destapler the Skirmisher (Hill Orc Abyssal Knight)  Turns: 1093, Time: 00:05:41

Health: -2/34      AC:  3    Str: 15    XL:     3   Next: 2%
Magic:  4/4        EV: 11    Int: 12    God:    Lugonu [*.....]
Gold:   65         SH:  0    Dex: 10    Spells: 2/2 levels left

rFire    + . .     SeeInvis .   a - +1 hand axe
rCold    + + .     Gourm    .   (no shield)
rNeg     . . .     Faith    .   b - +0 leather armour
rPois    +         Spirit   .   (no helmet)
rElec    +         Reflect  .   (no cloak)
rCorr    +         Harm     .   (no gloves)
MR       .....                  (no boots)
Stlth    +.........             (no amulet)
HPRegen  0.11/turn              (no ring)
MPRegen  0.09/turn              (no ring)

@: resistant
A: cold resistance 1, MP-powered wands
a: Depart the Abyss, Renounce Religion


You were on level 2 of the Dungeon.
You worshipped Lugonu.
Lugonu was aware of your devotion.
You were not hungry.

You visited 1 branch of the dungeon, and saw 2 of its levels.
You visited the Abyss 1 time.

You collected 65 gold pieces.

Inventory:

Hand Weapons
 a - a +1 hand axe (weapon)
Missiles
 i - 7 stones (quivered)
 n - 2 throwing nets
Armour
 b - a +0 leather armour (worn)
Jewellery
 f - an uncursed ring of magical power {unknown}
Scrolls
 d - a scroll of teleportation {unknown}
 g - a scroll of enchant weapon {unknown}
 j - 2 scrolls of remove curse {unknown}
 o - a scroll of fear {unknown}
Comestibles
 c - 6 rations
 l - 3 chunks of flesh


   Skills:
 + Level 4.4 Fighting
 - Level 2.6 Axes
 + Level 2.4 Armour
 * Level 1.2 Dodging
 + Level 2.6 Invocations


You had 2 spell levels left.
You didn't know any spells.
Your spell library was empty.

Dungeon Overview and Level Annotations

Branches:
Dungeon (2/15)

Altars:

Annotations:
D:2 Jessica


Innate Abilities, Weirdness & Mutations

Your flesh is cold resistant. (rC+)
You expend magic power (3 MP) to strengthen your wands.


Message History

You hit the gnoll.
The gnoll hits you with a +0 flail of holy wrath!
The gnoll hits you!
* * * LOW HITPOINT WARNING * * *
The gnoll hits you with a +0 flail of holy wrath.
* * * LOW HITPOINT WARNING * * *
It was a potion of curing.
You feel better.
It was a potion of magic.
Magic courses through your body. The gnoll closely misses you.
The gnoll hits you but does no damage.
It was a potion of resistance.
You feel protected.
Jessica gestures wildly while chanting.
Jessica blinks!
The gnoll closely misses you.
The gnoll hits you with a +0 flail of holy wrath!
* * * LOW HITPOINT WARNING * * *
It was a potion of mutation.
You feel extremely strange.
You feel your magical essence link to your wands.
You feel resistant to cold. The gnoll hits you.
You die...

#........#............
#........#............
#........####.###.....
#..<.......##..# ###.#
#..........###.## #
########...# #..# ####
##.# #@## #@g# ##g##
#gg# # @ ###.##.#....
#...........
#...........
#.......#### #.......#
#.......#


You could see 4 gnolls and Jessica.

Vanquished Creatures
  A dart slug (D:1)
  2 ball pythons (D:1)
  A giant cockroach (D:2)
  4 goblins (D:1)
  A hobgoblin (D:1)
  6 kobolds
  3 bats
  2 rats (D:1)
20 creatures vanquished.

Notes
Turn   | Place    | Note
-------+----------+-------------------------------------------
     0 | Abyss:1  | Destapler the Hill Orc Abyssal Knight began the quest for
                  | the Orb.
     0 | Abyss:1  | Reached XP level 1. HP: 19/19 MP: 2/2
    20 | Abyss:1  | Found a corrupted altar of Lugonu.
   110 | Abyss:1  | Noticed a shadow
   131 | Abyss:1  | Noticed a ynoxinul
   145 | D:1      | Escaped the Abyss
   423 | D:1      | Reached skill level 4 in Fighting
   423 | D:1      | Reached skill level 1 in Dodging
   423 | D:1      | Reached XP level 2. HP: 27/27 MP: 3/3
   570 | D:1      | Reached * piety under Lugonu
  1062 | D:2      | Reached XP level 3. HP: 29/34 MP: 4/4
  1079 | D:2      | Noticed Jessica
  1092 | D:2      | HP: 1/34 [gnoll/+0 flail of holy wrath (12)]
  1093 | D:2      | Gained mutation: You expend magic power (3 MP) to
                  | strengthen your wands. [potion of mutation]
  1093 | D:2      | Gained mutation: Your flesh is cold resistant. (rC+)
                  | [potion of mutation]
  1093 | D:2      | Slain by a gnoll

Skill      XL: |  1 |
---------------+----+-----
Fighting       | 4 |  4.4
Dodging        | 1 |  1.2
Axes           | |  2.6
Armour         | |  2.4
Invocations    | |  2.6

Action                   || total
-------------------------++-------
Melee: Hand axe          ||    72
Invok: Depart the Abyss  ||     1
  Use: Potion            ||     4
  Eat: Chunk             ||     1
Armor: Leather armour    ||    20
Dodge: Dodged            ||    45
